 Dungeon Crawl Stone Soup version 0.31-a0-219-g8d62b2e7bb (webtiles) character file.

Game seed: 17820802435241827698

179 pokeman the Magician (level 5, 0/29 HPs)
             Began as a Deep Elf Hedge Wizard on July 3, 2023.
             Slain by an orc priest
             ... wielding a +0 hand axe
              (3 damage)
             ... on level 3 of the Dungeon.
             The game lasted 00:06:30 (2159 turns).

pokeman the Magician (Deep Elf Hedge Wizard)        Turns: 2159, Time: 00:06:31

Health: 0/29       AC:  3    Str:  7    XL:     5   Next: 32%
Magic:  22/24      EV: 13    Int: 21    God:
Gold:   106        SH:  0    Dex: 14    Spells: 8/16 levels left

rFire   . . .        p - +4 mace (drain)
rCold   . . .        (no shield)
rNeg    . . .        b - +0 robe
rPois   +            c - +0 hat
rElec   .            g - +0 cloak {rPois}
rCorr   +            (no gloves)
SInv    .            (no boots)
Will    .....        n - amulet of magic regeneration
Stlth   ++           q - ring of resist corrosion
HPRegen 0.24/turn    s - ring of magical power
MPRegen 0.59/turn

%: no passive effects
@: no status effects
A: no striking features
a: no special abilities


You were on level 3 of the Dungeon.
You visited 1 branch of the dungeon, and saw 3 of its levels.

You collected 106 gold pieces.

Inventory:

Hand Weapons
 p - a +4 mace of draining (weapon)
Missiles
 a - 2 throwing nets
Armour
 b - a +0 robe (worn)
 c - a +0 hat (worn)
 g - a +0 cloak of poison resistance (worn)
 r - a +2 ring mail of poison resistance
Jewellery
 n - an amulet of magic regeneration (around neck)
 q - a ring of resist corrosion (left hand)
 s - a ring of magical power (right hand)
Scrolls
 h - a scroll of amnesia {unknown}
 i - a scroll of brand weapon {unknown}
 j - a scroll of enchant armour {unknown}
 k - a scroll of identify {unknown}
 t - a scroll of noise {unknown}
Potions
 d - a potion of magic
 e - 4 potions of curing {unknown}
 f - a potion of berserk rage {unknown}
 l - 2 potions of brilliance {unknown}
 m - a potion of heal wounds
 o - a potion of lignification {unknown}


   Skills:
 - Level 1.0 Fighting
 - Level 1.0 Armour
 - Level 3.0 Dodging
 - Level 3.0 Stealth
 * Level 6.3 Spellcasting
 + Level 2.5 Conjurations
 - Level 1.1 Summonings
 - Level 1.1 Translocations
 + Level 0.3 Air Magic
 + Level 0.7 Poison Magic


You had 8 spell levels left.
You knew the following spells:

 Your Spells              Type           Power      Damage    Failure   Level
a - Magic Dart            Conj           68%        1d6       3%          1
b - Mephitic Cloud        Conj/Pois/Air  11%        N/A       17%         3
c - Call Imp              Summ           22%        N/A       9%          2
d - Blink                 Tloc           22%        N/A       9%          2

Your spell library contained the following spells:

 Spells                   Type           Power      Damage    Failure   Level
 Slow                     Hex            24%        N/A       10%         1
 Cigotuvi's Dreadful Rot  Necr/Pois/Air  16%        N/A       12%         2
 Inner Flame              Hex/Fire       6%         N/A       28%         3
 Flame Wave               Conj/Fire      12%        2d6       50%         4
 Sticky Flame             Conj/Fire      12%        2d4       50%         4


Dungeon Overview and Level Annotations

Branches:
Dungeon (3/15)

Altars:
Trog

Shops:
D:1 =


Message History

Unknown command.
You hit the orc priest but do no damage.
The orc priest is moderately wounded.
The orc priest is engulfed in noxious fumes.
The orc priest appears confused.
The orc priest closely misses the orc priest.
The orc priest hits itself but does no damage.
The orc priest closely misses you.
The orc priest calls down the wrath of Beogh upon you.
Pain shoots through your body!
* * * LOW HITPOINT WARNING * * *
Unknown command.
Casting: Mephitic Cloud (quite dangerous; 17% risk of failure)
Confirm with . or Enter, or press ? or * to list all spells.
The spell is quite dangerous to miscast (17% risk of failure)!
Continue anyway?
Aiming: Mephitic Cloud (quite dangerous; 17% risk of failure)
Press: ? - help, Shift-Dir - straight line, f - orc priest, p - orc priest
Aim: an orc priest, wielding a +0 mace and wearing a +0 ring mail (moderately wounded, heavily drained, chance to affect: 96%)
The ball explodes into a vile cloud!
The stinking cloud engulfs the orc priest but does no damage.
The orc priest is moderately wounded.
The stinking cloud engulfs you but does no damage.
The stinking cloud engulfs the orc priest but does no damage.
The orc priest is engulfed in noxious fumes. x2
The orc priest hits you with a +0 mace.
* * * LOW HITPOINT WARNING * * *
Unknown command.
Unknown command.
Unknown command.
The orc priest is engulfed in noxious fumes.
The orc priest appears confused.
The orc priest is engulfed in noxious fumes.
The orc priest appears confused.
The orc priest hits the orc priest but does no damage.
The orc priest is engulfed in noxious fumes.
The orc priest appears confused.
You hit the orc priest. You drain the orc priest.
The orc priest is moderately wounded.
The orc priest hits you with a +0 hand axe.
You die...

# .## ..# #.## #..#
..o...#..# .# . ...#.#@.#
.. .. .o..#.o#
.########## ... ...#o.###
..#........ ....
.o#.○○.###.#........
.#...#.#.##...#.#....†...
.......#)####...#......<.
.........######..........
..)............).........
..#############.#........


You could see 2 orc priests.

Vanquished Creatures
  Terence (D:2)
  6 gnolls
  3 adders (D:2)
  A worm (D:2)
  A dart slug (D:3)
  3 orcs (D:3)
  5 endoplasms
  2 giant cockroaches
  6 hobgoblins
  5 jackals (D:2)
  A quokka (D:1)
  2 ball pythons
  A bat (D:2)
  3 frilled lizards
  5 goblins
  6 kobolds
  2 rats
53 creatures vanquished.

Vanquished Creatures (collateral kills)
  A gnoll (D:2)
1 creature vanquished.

Grand Total: 54 creatures vanquished

Notes
Turn   | Place    | Note
-------+----------+-------------------------------------------
     0 | D:1      | pokeman the Deep Elf Hedge Wizard began the quest for the
                  | Orb.
     0 | D:1      | Reached XP level 1. HP: 10/10 MP: 7/7
   379 | D:1      | Reached XP level 2. HP: 16/16 MP: 4/9
   738 | D:1      | Found Sekaudim's Jewellery Shoppe.
   830 | D:2      | Noticed Terence
   860 | D:2      | Reached skill level 5 in Spellcasting
   929 | D:2      | Reached XP level 3. HP: 20/20 MP: 6/11
   933 | D:2      | Learned a level 3 spell: Mephitic Cloud
   936 | D:2      | Learned a level 2 spell: Call Imp
   939 | D:2      | Learned a level 2 spell: Blink
   981 | D:2      | Found a bloodstained altar of Trog.
  1256 | D:2      | Reached skill level 1 in Fighting
  1256 | D:2      | Reached skill level 1 in Armour
  1302 | D:1      | Reached XP level 4. HP: 5/25 MP: 4/13
  1442 | D:2      | Killed Terence
  1807 | D:2      | Reached skill level 6 in Spellcasting
  1811 | D:2      | Reached XP level 5. HP: 29/29 MP: 8/15
  2159 | D:3      | Slain by an orc priest

Illustrated notes

Levels and vault maps discovered:
D:1:      dpeg_arrival_lava_temple_mockup, layout_rooms, serial_shops, shop,
          minmay_misc_feat_rugged, minmay_shallow_snake_nest
D:2:      layout_rooms, basic_altar, kennysheep_cluttered_room,
          dreamdust_princess_corridor, guppyfry_early_lair_pool, uniq_terence
D:3:      cheibrodos_pilgrimage, layout_rooms, lemuel_tele_altar, uniq_grinder,
          uniq_ijyb, uniq_natasha

Skill      XL: |  1  2  3  4 |
---------------+-------------+-----
Spellcasting   | 5 6 |  6.3
Fighting       | 1 |  1.0
Armour         | 1 |  1.0
Conjurations   | 2 |  2.5
Stealth        | 3 |  3.0
Dodging        | 3 |  3.0
Summonings     | |  1.1
Translocations | |  1.1
Air Magic      | |  0.3
Poison Magic   | |  0.7

Action                     |  1- 3 |  4- 6 || total
---------------------------+-------+-------++-------
  Melee: Dagger            |    17 |    15 ||    32
         Punch             |     1 |       ||     1
         Mace              |       |     9 ||     9
   Cast: Magic Dart        |    86 |    68 ||   154
         Mephitic Cloud    |     7 |     7 ||    14
         Call Imp          |     3 |     1 ||     4
   Stab: Confused          |     1 |     6 ||     7
 Armour: Robe              |     5 |     4 ||     9
  Dodge: Dodged            |    20 |    18 ||    38

Table legend: (Time is in decaauts)
 A = Elapsed time spent in this place.
 B = Non-inter-level travel time spent in this place.
 C = Inter-level travel time spent in this place.
 D = Time resting spent in this place.
 E = Time spent auto-exploring this place.
 F = Levels seen in this place.
 G = Mean time per level.
                   A        B        C        D        E       F      G
               +--------+--------+--------+--------+--------+-----+--------+
         Total |   2164 |   2088 |     76 |    174 |   1501 |   3 |  721.3 |
       Dungeon |   2164 |   2088 |     76 |    174 |   1501 |   3 |  721.3 |
               +--------+--------+--------+--------+--------+-----+--------+

Top non-repeatable levels by time:
     D:1: 1051 daAuts
     D:2: 1026 daAuts
     D:3: 86 daAuts
